 Dungeon Crawl Stone Soup version 0.24-a0-163-g64c5a76fe2 (webtiles) character file.

Game seed: 18265214397188686553

79 EnegeticOcto the Skirmisher (level 4, -2/37 HPs)
             Began as a Demonspawn Wanderer on Mar 6, 2019.
             Was an Initiate of Cheibriados.
             Killed themself with a badly aimed fireball (5 damage)
             ... on level 3 of the Dungeon.
             The game lasted 00:03:39 (1493 turns).

EnegeticOcto the Skirmisher (Demonspawn Wanderer)   Turns: 1493, Time: 00:03:40

Health: -2/37      AC:  9    Str: 16    XL:     4   Next: 17%
Magic:  13/13      EV:  6    Int: 13    God:    Cheibriados [......]
Gold:   84         SH:  0    Dex: 13    Spells: 3/3 levels left

rFire    . . .     SeeInvis .   h - +1 dagger (venom)
rCold    . . .     Gourm    .   (no shield)
rNeg     . . .     Faith    .   j - +0 chain mail
rPois    .         Spirit   .   (helmet restricted)
rElec    .         Reflect  .   t - +0 cloak
rCorr    .         Harm     .   q - +0 pair of gloves
MR       .....                  (no boots)
Stlth    ..........             i - amulet of magic regeneration (curse)
HPRegen  0.12/turn              r - -2 ring of protection (curse)
MPRegen  0.38/turn              m - ring of magical power

@: very slow
A: claws 1, horns 1, powered by pain 1
a: Bend Time, Renounce Religion


You were on level 3 of the Dungeon.
You worshipped Cheibriados.
Cheibriados was noncommittal.
You were not hungry.

You visited 1 branch of the dungeon, and saw 3 of its levels.

You collected 84 gold pieces.

Inventory:

Hand Weapons
 a - a +2 shortbow
 c - a +0 hand crossbow
 h - a +1 dagger of venom (weapon)
Missiles
 b - 26 arrows
 d - 24 bolts
Armour
 j - a +0 chain mail (worn)
 q - a +0 pair of gloves (worn)
 t - a +0 cloak (worn)
Jewellery
 i - a cursed amulet of magic regeneration (around neck)
 m - a ring of magical power (right hand)
 r - a cursed -2 ring of protection (left hand)
Wands
 g - a wand of random effects (13)
Scrolls
 p - a scroll of identify {@r1}
 s - 3 scrolls of teleportation {@r3 !r}
Potions
 k - 3 potions of curing
 l - a potion of flight {unknown}
 n - 3 potions of haste {@q4 !q}
 o - 2 potions of brilliance {unknown}
Comestibles
 e - 2 rations
 f - a chunk of flesh


   Skills:
 + Level 3.7 Fighting
 - Level 3.6 Bows
 - Level 2.6 Armour
 - Level 1.0 Stealth
 + Level 0.7 Unarmed Combat
 + Level 1.2 Invocations
 - Level 1.0 Evocations


You had 3 spell levels left.
You didn't know any spells.
Your spell library contained the following spells:

 Spells                   Type           Power        Failure   Level  Hunger
 Magic Dart               Conj           #...         99%         1    ##.....
 Searing Ray              Conj           #.....       100%        2    ###....
 Dazzling Spray           Conj/Hex       #.....       100%        3    ####...
 Force Lance              Conj/Tloc      #.......     100%        4    #####..
 Fulminant Prism          Conj/Hex       #.........   100%        4    #####..
 Iskenderun's Mystic Bla  Conj           #.......     100%        4    #####..


Dungeon Overview and Level Annotations

Branches:
Dungeon (3/15)

Altars:
Cheibriados
Elyvilon
Fedhas
Hepliaklqana
Trog
Zin


Innate Abilities, Weirdness & Mutations

You have sharp fingernails.
You have a pair of small horns on your head.
You sometimes gain a little power by taking damage.


Message History

Evoke which item? (* to show all) (? for menu, Esc to quit)
You don't have any such object.
Evoke which item? (* to show all) (? for menu, Esc to quit)
Really evoke
g - a wand of random effects (14)?
This could place you under penance!
Aiming: Random Effects
Press: ? - help, Shift-Dir - straight line, f - ogre
Aim: an ogre, wielding a +0 giant club The mass of ice explodes!
The iceblast engulfs the ogre!
The ogre is moderately wounded.
The iceblast engulfs you!
* * * LOW HITPOINT WARNING * * *
Evoke which item? (* to show all) (? for menu, Esc to quit)
Really evoke
g - a wand of random effects (13)?
This could place you under penance!
Aiming: Random Effects
Press: ? - help, Shift-Dir - straight line, f/p - ogre
Aim: an ogre, wielding a +0 giant club (moderately wounded)
The fireball explodes!
The fireball engulfs the ogre!
The ogre is almost dead.
The fireball engulfs you.
You die...

#...........#.##.##..#.######.#..
+...........#.##...........<#....
#.....#######.#####..#.....<# [..
..... #..# #..######## ... ...
##.## #........ .. #..###.#......
.. ##### #......+...).. #.._#
##.O##.#...... .... ##@##.#......
###..## #.##.#...... ..... #..#.#
.... ###..### ##.#.# ....
#⌠.....# #...# .....
###..#######..#......
#....._#..##..#......
###..###..##..#....[.
#.÷..##..###>#......


You could see an ogre.

Vanquished Creatures
  5 adders
  A dart slug (D:3)
  3 leopard geckos
  A giant cockroach (D:1)
  4 goblins
  A hobgoblin (D:1)
  3 kobolds
  8 bats
  3 frilled lizards
  4 rats
33 creatures vanquished.

Notes
Turn   | Place    | Note
-------+----------+-------------------------------------------
     0 | D:1      | EnegeticOcto the Demonspawn Wanderer began the quest for
                  | the Orb.
     0 | D:1      | EnegeticOcto set off with the following items: a +2
                  | shortbow, 26 arrows, a +0 hand crossbow, 24 bolts, a
                  | ration, a +0 robe, a wand of random effects (15)
     0 | D:1      | Reached XP level 1. HP: 15/15 MP: 1/1
   407 | D:1      | Gained mutation: You sometimes gain a little power by
                  | taking damage. [demonic ancestry]
   407 | D:1      | Reached XP level 2. HP: 22/22 MP: 2/2
   797 | D:2      | Found a white marble altar of Elyvilon.
   830 | D:2      | Gained mutation: You have a pair of small horns on your
                  | head. [demonic ancestry]
   830 | D:2      | Reached XP level 3. HP: 29/29 MP: 3/3
  1157 | D:2      | Found a faded altar of an unknown god.
  1157 | D:2      | Found a glowing silver altar of Zin.
  1171 | D:2      | Found a snail-covered altar of Cheibriados.
  1173 | D:2      | Found a faded altar of an unknown god.
  1174 | D:2      | Found a bloodstained altar of Trog.
  1178 | D:2      | Became a worshipper of Cheibriados the Contemplative
  1248 | D:3      | Found a hazy altar of Hepliaklqana.
  1252 | D:3      | Found a blossoming altar of Fedhas.
  1458 | D:3      | Noticed an ogre
  1475 | D:3      | Reached skill level 1 in Invocations
  1475 | D:3      | Gained mutation: You have sharp fingernails. [demonic
                  | ancestry]
  1475 | D:3      | Reached XP level 4. HP: 25/37 MP: 4/4
  1493 | D:3      | Killed themself with a badly aimed fireball

Levels and vault maps discovered:
D:1:      dpeg_arrival_castle, layout_basic
D:2:      layout_rooms, chequers_temple_overflow_minitemple, elyvilon_altar_4
D:3:      layout_basic, minitemple, demons_altar, first_ration,
          kennysheep_cross_room, dk_vineyard_2

Skill      XL: |  1  2  3 |
---------------+----------+-----
Fighting       | 2 3 |  3.7
Invocations    | 1 |  1.2
Bows           | |  3.6
Armour         | |  2.6
Stealth        | |  1.0
Unarmed Combat | |  0.7
Evocations     | |  1.0

Action                   |  1- 3 |  4- 6 || total
-------------------------+-------+-------++-------
Melee: Dagger            |    81 |     5 ||    86
       Headbutt          |     6 |     2 ||     8
       Punch             |     1 |       ||     1
Evoke: Wand              |     1 |     1 ||     2
  Use: Scroll            |     7 |       ||     7
 Stab: Sleeping          |     3 |       ||     3
  Eat: Chunk             |     2 |       ||     2
Armor: Robe              |    11 |       ||    11
       Chain mail        |    33 |     1 ||    34
Dodge: Dodged            |    49 |     3 ||    52

Table legend:
 A = Non-vault XP
 B = Vault XP
 C = Vault XP percentage of total XP
 D = Non-vault monster count
 E = Vault monster count
 F = Vault count percentage of total count
                 A         B        C        D         E       F
            +---------+---------+-------+---------+---------+-------
      Total |     114 |       0 |   0.0 |      33 |       0 |   0.0
            +---------+---------+-------+---------+---------+-------
        D:1 |      20 |       0 |   0.0 |      13 |       0 |   0.0
        D:2 |      49 |       0 |   0.0 |       8 |       0 |   0.0
        D:3 |      45 |       0 |   0.0 |      12 |       0 |   0.0
            +---------+---------+-------+---------+---------+-------
